 Dungeon Crawl Stone Soup version 0.28-a0-802-g09f76e8c00 (webtiles) character file.

Game seed: 5854846072557581670

74 pokeman the Magician (level 4, -1/25 HPs)
             Began as a Deep Elf Hedge Wizard on Nov 6, 2021.
             Slain by an iguana (13 damage)
             ... on level 2 of the Dungeon.
             The game lasted 00:04:03 (2367 turns).

pokeman the Magician (Deep Elf Hedge Wizard)        Turns: 2367, Time: 00:04:03

Health: -1/25      AC:  4    Str:  7    XL:     4   Next: 10%
Magic:  3/13       EV: 12    Int: 20    God:
Gold:   74         SH:  0    Dex: 14    Spells: 0/14 levels left

rFire   . . .      SeeInvis .   f - +0 dagger (speed)
rCold   . . .      Faith    .   (no shield)
rNeg    + . .      Spirit   .   l - +1 leather armour {rN+}
rPois   .          Reflect  .   c - +0 hat
rElec   .          Harm     .   (no cloak)
rCorr   .          Rampage  .   (no gloves)
Will    .....                   (no boots)
Stlth   ++........              (no amulet)
HPRegen 0.08/turn               (no ring)
MPRegen 0.13/turn               (no ring)

@: no status effects
A: no striking features
a: no special abilities


You were on level 2 of the Dungeon.
You visited 1 branch of the dungeon, and saw 2 of its levels.

You collected 74 gold pieces.

Inventory:

Hand Weapons
 f - a +0 dagger of speed (weapon)
Missiles
 i - 14 bolts
 j - 22 arrows
Armour
 c - a +0 hat (worn)
 l - a +1 leather armour of positive energy (worn)
Magical Staves
 a - a staff of air
Scrolls
 b - a scroll of noise {unknown}
 d - a scroll of magic mapping {unknown}
 h - 3 scrolls of teleportation {unknown}
 m - a scroll of amnesia {unknown}
Potions
 e - 2 potions of invisibility {unknown}
 g - 2 potions of heal wounds {unknown}
 k - a potion of attraction {unknown}


   Skills:
 - Level 1.0 Fighting
 - Level 1.0 Armour
 + Level 2.6 Dodging
 - Level 2.4 Stealth
 * Level 5.5 Spellcasting
 + Level 2.1 Conjurations
 - Level 1.1 Summonings
 - Level 1.1 Translocations
 + Level 0.4 Fire Magic


You couldn't memorise any spells.
You knew the following spells:

 Your Spells              Type           Power      Damage    Failure   Level
a - Magic Dart            Conj           56%        1d5       7%          1
b - Mephitic Cloud        Conj/Pois/Air  8%         N/A       34%         3
c - Call Imp              Summ           9%         N/A       16%         2
d - Blink                 Tloc           18%        N/A       16%         2
e - Conjure Flame         Conj/Fire      10%        6-21      28%         3
f - Stone Arrow           Conj/Erth      18%        3d8       30%         3

Your spell library contained the following spells:

 Spells                   Type           Power      Damage    Failure   Level
 Slow                     Hex            20%        N/A       16%         1
 Petrify                  Tmut/Erth      5%         N/A       85%         4
 Lee's Rapid Deconstruct  Erth           2%         3d6*      99%         5
 Lehudib's Crystal Spear  Conj/Erth      4%         10d3      100%        8


Dungeon Overview and Level Annotations

Branches:
Dungeon (2/15)

Altars:


Message History

Casting: Magic Dart (safe; 7% risk of failure)
Confirm with . or Enter, or press ? or * to list all spells.
Aiming: Magic Dart (safe; 7% risk of failure)
Press: ? - help, Shift-Dir - straight line, f/p - iguana
Aim: an iguana (lightly wounded, 100% to hit)
The magic dart hits the iguana but does no damage.
The iguana is lightly wounded.
The iguana misses you.
Casting: Magic Dart (safe; 7% risk of failure)
Confirm with . or Enter, or press ? or * to list all spells.
Aiming: Magic Dart (safe; 7% risk of failure)
Press: ? - help, Shift-Dir - straight line, f/p - iguana
Aim: an iguana (lightly wounded, 100% to hit)
The magic dart hits the iguana but does no damage.
The iguana is lightly wounded.
The iguana hisses menacingly.
The iguana bites you!
Casting: Magic Dart (safe; 7% risk of failure)
Confirm with . or Enter, or press ? or * to list all spells.
Aiming: Magic Dart (safe; 7% risk of failure)
Press: ? - help, Shift-Dir - straight line, f/p - iguana
Aim: an iguana (lightly wounded, 100% to hit)
The magic dart hits the iguana but does no damage.
The iguana is lightly wounded.
The iguana bites you!
Casting: Magic Dart (safe; 7% risk of failure)
Confirm with . or Enter, or press ? or * to list all spells.
Aiming: Magic Dart (safe; 7% risk of failure)
Press: ? - help, Shift-Dir - straight line, f/p - iguana
Aim: an iguana (lightly wounded, 100% to hit)
Okay, then.
Unknown command.
Unknown command.
The iguana closely misses you.
Casting: Magic Dart (safe; 7% risk of failure)
Confirm with . or Enter, or press ? or * to list all spells.
A beastly little devil appears in a puff of flame.
The iguana bites you!
Ouch! That really hurt!
You die...

...# ... #............
#..# #
######..........#. #..#
####........######...
#..# ##^...####...#
######..###..#### #...#
#...........## #####
#..........##
#..........############
##########....l@5......
##############


You could see an iguana (ally target) and a friendly crimson imp (summoned).

Vanquished Creatures
  3 adders (D:2)
  A worm (D:2)
  7 endoplasms
  2 giant cockroaches (D:1)
  4 goblins
  4 hobgoblins
  2 jackals (D:2)
  5 kobolds
  A quokka (D:2)
  3 ball pythons (D:1)
  2 bats (D:1)
  4 frilled lizards
  5 rats
43 creatures vanquished.

Notes
Turn   | Place    | Note
-------+----------+-------------------------------------------
     0 | D:1      | pokeman the Deep Elf Hedge Wizard began the quest for the
                  | Orb.
     0 | D:1      | Reached XP level 1. HP: 10/10 MP: 7/7
   270 | D:1      | Reached XP level 2. HP: 16/16 MP: 6/9
   867 | D:1      | Reached skill level 5 in Spellcasting
  1061 | D:2      | Reached XP level 3. HP: 20/20 MP: 8/11
  1065 | D:2      | Learned a level 3 spell: Mephitic Cloud
  1068 | D:2      | Learned a level 2 spell: Call Imp
  1071 | D:2      | Learned a level 2 spell: Blink
  1096 | D:1      | Learned a level 3 spell: Conjure Flame
  1309 | D:1      | HP: 1/20 [worm (3)]
  1689 | D:2      | Found a faded altar of an unknown god.
  1814 | D:2      | Reached skill level 1 in Fighting
  1814 | D:2      | Reached skill level 1 in Armour
  2051 | D:2      | Reached XP level 4. HP: 25/25 MP: 2/13
  2276 | D:2      | Got Fetyolaev's Catalogue of Clay
  2281 | D:2      | Learned a level 3 spell: Stone Arrow
  2367 | D:2      | Slain by an iguana

Illustrated notes

Levels and vault maps discovered:
D:1:      minmay_arrival_four_circles, layout_basic, minmay_misc_feat_diagonals,
          minmay_quantized
D:2:      layout_rooms, ebering_ecumenical_altar_petrified

Skill      XL: |  1  2  3 |
---------------+----------+-----
Spellcasting   | 5 |  5.5
Fighting       | 1 |  1.0
Armour         | 1 |  1.0
Conjurations   | 2 |  2.1
Dodging        | |  2.6
Stealth        | |  2.4
Summonings     | |  1.1
Translocations | |  1.1
Fire Magic     | |  0.4

Action                   |  1- 3 |  4- 6 || total
-------------------------+-------+-------++-------
Melee: Dagger            |     1 |       ||     1
 Cast: Magic Dart        |   124 |    25 ||   149
       Conjure Flame     |     1 |       ||     1
       Call Imp          |       |     1 ||     1
Armor: Robe              |     1 |       ||     1
       Leather armour    |     2 |       ||     2
Dodge: Dodged            |     8 |     2 ||    10

Table legend: (Time is in decaauts)
 A = Elapsed time spent in this place.
 B = Non-inter-level travel time spent in this place.
 C = Inter-level travel time spent in this place.
 D = Time resting spent in this place.
 E = Time spent auto-exploring this place.
 F = Levels seen in this place.
 G = Mean time per level.
                   A        B        C        D        E       F      G
               +--------+--------+--------+--------+--------+-----+--------+
         Total |   2368 |   2315 |     53 |    400 |   1446 |   2 | 1184.0 |
       Dungeon |   2368 |   2315 |     53 |    400 |   1446 |   2 | 1184.0 |
               +--------+--------+--------+--------+--------+-----+--------+

Top non-repeatable levels by time:
     D:1: 1666 daAuts
     D:2: 701 daAuts
